 Dungeon Crawl Stone Soup version 0.30.1-11-g7821555f0a (webtiles) character file.

Game seed: 17956561478870881481

785 jagang the Slasher (level 7, -2/57 HPs)
             Began as a Barachi Monk on Nov 29, 2023.
             Shot with an arrow by a centaur (5 damage)
             ... on level 6 of the Dungeon.
             The game lasted 00:09:08 (3971 turns).

jagang the Slasher (Barachi Monk)                   Turns: 3971, Time: 00:09:09

Health: -2/57      AC: 14    Str: 13    XL:     7   Next: 86%
Magic:  7/7        EV:  7    Int: 10    God:
Gold:   194        SH:  0    Dex: 16    Spells: 6/6 levels left

rFire   . . .        b - +0 long sword
rCold   . . .        d - orb {light}
rNeg    . . .        y - +0 chain mail
rPois   .            i - +2 helmet
rElec   .            (no cloak)
rCorr   .            l - +0 pair of gloves
SInv    .            (no boots)
Will    .....        (no amulet) Stlth
                     (no ring)
HPRegen 0.29/turn    (no ring)
MPRegen 0.10/turn

%: no passive effects
@: glowing, slow
A: amphibious, slowness 1, strong legs 1, +LOS
a: Hop


You were on level 6 of the Dungeon.
You visited 1 branch of the dungeon, and saw 6 of its levels.

You collected 194 gold pieces.

Inventory:

Hand Weapons
 b - a +0 long sword (weapon)
Missiles
 h - 5 javelins (quivered)
 w - 7 poisoned darts
Armour
 d - an orb of light (worn)
 i - a +2 helmet (worn)
 l - a +0 pair of gloves (worn)
 y - a +0 chain mail (worn)
Jewellery
 n - a ring of wizardry
Scrolls
 e - 2 scrolls of amnesia
 f - 3 scrolls of poison
 g - 3 scrolls of teleportation {unknown}
 j - 2 scrolls of blinking {unknown}
 k - 4 scrolls of identify {unknown}
 m - a scroll of immolation {unknown}
 o - a scroll of vulnerability {unknown}
 q - 2 scrolls of noise {unknown}
 s - a scroll of silence {unknown}
 u - a scroll of magic mapping {unknown}
 x - a scroll of enchant armour {unknown}
 z - a scroll of enchant weapon {unknown}
Potions
 a - a potion of mutation {unknown}
 c - a potion of ambrosia
 p - 3 potions of curing {unknown}
 r - 2 potions of flight {unknown}
 t - a potion of haste {unknown}
 v - 2 potions of heal wounds {unknown}


   Skills:
 + Level 5.9 Fighting
 * Level 7.3 Long Blades
 + Level 3.2 Throwing
 + Level 4.5 Armour
 - Level 3.2 Dodging


You had 6 spell levels left.
You didn't know any spells.
Your spell library contained the following spells:

 Spells                   Type           Power      Damage    Failure   Level
 Sting                    Tmut/Pois      0%         1d3       100%        1
 Cigotuvi's Dreadful Rot  Necr/Pois/Air  0%         N/A       100%        2
 Poisonous Vapours        Pois/Air       0%         N/A       100%        2
 Ignite Poison            Fire/Tmut/Pois 0%         N/A       100%        3
 Inner Flame              Hex/Fire       0%         N/A       100%        3
 Olgreb's Toxic Radiance  Pois           0%         N/A       100%        4
 Freezing Cloud           Conj/Ice/Air   0%         6-21      100%        5
 Yara's Violent Unravell  Hex/Tmut       0%         3d3       100%        5
 Enfeeble                 Hex            0%         N/A       100%        7


Dungeon Overview and Level Annotations

Branches:
Dungeon (6/15)
 Temple: D:4-7

Altars:
Elyvilon


Innate Abilities, Weirdness & Mutations

You are amphibious.
You cover ground slowly.
You can hop short distances.
You have an extended range of vision and can be seen from far away.


Message History

You hit the scorpion.
The scorpion is heavily wounded.
The scorpion stings you.
You slash the scorpion!
You kill the scorpion!
The centaur wields a +0 shortbow.
The centaur shoots an arrow.
The arrow hits you.
The centaur shoots an arrow.
The arrow hits you.
The centaur unwields a +0 shortbow.
The centaur barely misses you.
The centaur kicks you but does no damage.
You see here a scorpion corpse.
You barely miss the centaur. The centaur barely misses you. x2
The centaur hits you.
The centaur kicks you but does no damage.
You barely miss the centaur.
The centaur hits you but does no damage.
The centaur barely misses you.
You slash the centaur!
The centaur is moderately wounded.
The centaur hits you but does no damage.
The centaur kicks you but does no damage.
The centaur barely misses you.
The centaur kicks you but does no damage.
You hit the centaur.
The centaur is heavily wounded.
The centaur hits you but does no damage.
The centaur kicks you but does no damage.
The ogre barely misses you.
The centaur hits you but does no damage.
The centaur kicks you.
You hit the centaur.
The centaur is severely wounded.
The centaur barely misses you.
The centaur kicks you but does no damage.
The ogre hits you with a +0 giant club!!
* * * LOW HITPOINT WARNING * * *
The centaur wields a +0 shortbow.
The centaur shoots an arrow.
The arrow hits you!
* * * LOW HITPOINT WARNING * * *
The centaur shoots an arrow.
The arrow hits you.
You die...

#.. ....... ...
.#......##.#
.........#.#
#.......#.#
.......#.#.#
.....#.#.# #...#.#.#
... #.O#@#.##.#.#
#.# #.c†...##.#.#
#.# ##.....##.#.#
#.# #.....##.#.# #.#
#.....##.#.# #.#
#.#'#.##.#.# #.#
#.#...#..#.# #.#
#.#......#.###.#####
#...†>..............


You could see a centaur.

Vanquished Creatures
  Sigmund (D:2)
  Menkaure (D:5)
  3 scorpions
  4 hounds
  2 iguanas
  A gnoll (D:3)
  3 adders
  A white imp (D:5)
  An ufetubus (D:6)
  4 worms
  14 dart slugs
  4 orcs
  7 bats
  4 endoplasms
  3 giant cockroaches
  9 goblins
  7 hobgoblins
  4 quokkas
  5 ball pythons
  4 frilled lizards (D:1)
  7 kobolds
  5 rats
94 creatures vanquished.

Notes
Turn   | Place    | Note
-------+----------+-------------------------------------------
     0 | D:1      | jagang the Barachi Monk began the quest for the Orb.
     0 | D:1      | Reached XP level 1. HP: 18/18 MP: 1/1
   122 | D:1      | Reached skill level 1 in Armour
   122 | D:1      | Reached XP level 2. HP: 25/25 MP: 2/2
   245 | D:1      | Reached skill level 4 in Long Blades
   564 | D:1      | Reached XP level 3. HP: 30/30 MP: 3/3
   677 | D:1      | Found a faded altar of an unknown god.
   910 | D:2      | Noticed Sigmund
   933 | D:2      | Killed Sigmund
   934 | D:2      | Reached skill level 5 in Long Blades
   934 | D:2      | Reached skill level 1 in Throwing
   934 | D:2      | Reached XP level 4. HP: 15/38 MP: 4/4
   934 | D:2      | Reached XP level 5. HP: 17/43 MP: 5/5
  1496 | D:3      | Reached XP level 6. HP: 40/50 MP: 6/6
  1813 | D:3      | Reached skill level 5 in Fighting
  2037 | D:3      | Reached skill level 6 in Long Blades
  3216 | D:5      | Entered Level 5 of the Dungeon
  3322 | D:5      | Found a white marble altar of Elyvilon.
  3343 | D:5      | Reached XP level 7. HP: 53/56 MP: 7/7
  3352 | D:5      | Noticed Menkaure
  3377 | D:5      | Killed Menkaure
  3665 | D:5      | Reached skill level 7 in Long Blades
  3971 | D:6      | Shot with an arrow by a centaur

Illustrated notes

Levels and vault maps discovered:
D:1:      minmay_arrival_up_and_down, layout_basic,
          chequers_ecumenical_altar_simple_redux
D:2:      layout_rooms, kennysheep_small_spiral, uniq_sigmund
D:3:      kennysheep_slugbush, layout_basic, cheibrodos_gnoll_hut
D:4:      layout_basic, minmay_close_crescents
D:5:      layout_basic, elyvilon_altar_3, minmay_temple_entry_statues_pillars,
          uniq_duvessa, uniq_eustachio, uniq_menkaure
D:6:      layout_basic, nicolae_ossuary_entry_catacombs, minmay_diced_spiral,
          uniq_crazy_yiuf_cottage

Skill      XL: |  1  2  3  4  5  6  7 |
---------------+----------------------+-----
Armour         | 1 3 4 |  4.5
Fighting       | 4 5 |  5.9
Long Blades    | 4 5 6 7 |  7.3
Throwing       | 1 2 3 |  3.2
Dodging        | |  3.2

Action                     |  1- 3 |  4- 6 |  7- 9 || total
---------------------------+-------+-------+-------++-------
  Melee: Falchion          |    67 |       |       ||    67
         Long sword        |    25 |   122 |    51 ||   198
  Throw: Javelin           |       |     2 |     2 ||     4
    Use: Scroll            |       |     2 |       ||     2
 Armour: Robe              |     8 |       |       ||     8
         Ring mail         |     9 |       |       ||     9
         Scale mail        |     9 |    49 |       ||    58
         Chain mail        |       |    26 |    35 ||    61
  Dodge: Dodged            |    66 |    44 |    28 ||   138
